 Dungeon Crawl Stone Soup version 0.23.2-1-ga50397a6bc (webtiles) character file.

Game seed: 8939342388672842829

746 Menchi the Skirmisher (level 7, 0/66 HPs)
             Began as a Minotaur Gladiator on May 10, 2019.
             Succumbed to a gnoll sergeant's poison
             ... on level 5 of the Dungeon.
             The game lasted 00:06:54 (3527 turns).

Menchi the Skirmisher (Minotaur Gladiator)          Turns: 3527, Time: 00:06:55

Health: 0/66       AC:  6    Str: 20    XL:     7   Next: 48%
Magic:  6/6        EV: 14    Int:  5    God:
Gold:   274        SH:  0    Dex: 12    Spells: 6/6 levels left

rFire    . . .     SeeInvis .   i - +2 falchion (holy)
rCold    . . .     Gourm    .   (no shield)
rNeg     + . .     Faith    .   b - +0 leather armour
rPois    .         Spirit   .   c - +0 hat
rElec    .         Reflect  .   g - +0 cloak
rCorr    .         Harm     .   A - +0 pair of gloves
MR       .....                  (no boots)
Stlth    +.........             (no amulet)
HPRegen  0.21/turn              (no ring)
MPRegen  0.10/turn              l - ring of positive energy

@: lethally poisoned (0 -> -10)
A: retaliatory headbutt, horns 2
a: no special abilities


You were on level 5 of the Dungeon.
You were hungry.

You visited 1 branch of the dungeon, and saw 5 of its levels.

You collected 274 gold pieces.

Inventory:

Hand Weapons
 a - a +0 long sword
 i - a +2 falchion of holy wrath (weapon)
 m - a +1 dagger of speed
Missiles
 d - 3 throwing nets (quivered)
Armour
 b - a +0 leather armour (worn)
 c - a +0 hat (worn)
 g - a +0 cloak (worn)
 A - a +0 pair of gloves (worn)
Jewellery
 h - an uncursed ring of wizardry
 l - a ring of positive energy (right hand)
 z - an uncursed ring of positive energy
Wands
 v - a wand of digging (5)
Scrolls
 e - 5 scrolls of identify
 n - a scroll of enchant armour {unknown}
 o - 2 scrolls of magic mapping {unknown}
 r - 3 scrolls of amnesia {unknown}
 s - 4 scrolls of remove curse
 t - 3 scrolls of teleportation {unknown}
 w - a scroll of immolation {unknown}
 y - a scroll of enchant weapon {unknown}
Potions
 j - 2 potions of flight {unknown}
 q - a potion of might {unknown}
 u - a potion of brilliance {unknown}
 x - 2 potions of haste {unknown}
Comestibles
 f - 7 rations


   Skills:
 * Level 7.4 Fighting
 - Level 3.6 Long Blades
 - Level 2.0 Throwing
 + Level 4.7 Armour
 + Level 5.6 Dodging


You had 6 spell levels left.
You didn't know any spells.
Your spell library was empty.

Dungeon Overview and Level Annotations

Branches:
Dungeon (5/15)             Temple (0/1) D:5

Altars:
The Shining One

Shops:
D:4 [


Innate Abilities, Weirdness & Mutations

You reflexively headbutt those who attack you in melee.
You have a pair of horns on your head.


Message History

* * * LOW HITPOINT WARNING * * *
You feel sick.
The gnoll hits you from afar with a +0 spear.
* * * LOW HITPOINT WARNING * * *
The gnoll misses you.
* * * LOW HITPOINT WARNING * * *
You feel sick. The gnoll hits you but does no damage.
Items here: ( ))) † a throwing net; a +0 whip; a +0 halberd x2; a gnoll corpse You barely miss the gnoll.
* * * LOW HITPOINT WARNING * * *
You feel sick. The gnoll hits you but does no damage.
You hit the gnoll.
The gnoll is moderately wounded.
* * * LOW HITPOINT WARNING * * *
You feel sick. The gnoll misses you. You furiously retaliate!
You headbutt the gnoll! You hit the gnoll.
You kill the gnoll!
You die...

....# #.###.... ...# ....#
#.##.(..# ...# ...########
#.##.#<.# ...##
......PPPP# #.##.#..#
.(... #####P≈≈≈.#
#.##.#..###..#
#PP≈PP.###.##.........#
#.P≈P≈................#
....P≈♣P≈..##...)........#
..#PP≈≈P..######@######..#
..#P≈≈P≈..# #(# ..#
PPPP≈♣P≈.## #.# .g..
PPP♣P≈..# #.# .....
♣♣≈≈P## #[# >.#### ≈≈P#
... ... ##.## #.# #.# #.#


There were no monsters in sight!

Vanquished Creatures
  Menkaure (D:4)
  A gnoll sergeant (D:5)
  A scorpion (D:4)
  2 crimson imps (D:5)
  4 orc wizards
  An orc priest (D:4)
  An iguana (D:4)
  2 worker ants (D:4)
  8 gnolls
  4 adders
  7 worms
  2 dart slugs (D:3)
  2 leopard geckos
  10 orcs
  4 giant cockroaches
  2 hobgoblins (D:3)
  16 jackals
  4 kobolds
  2 quokkas
  7 bats
  5 frilled lizards
  5 goblins
  A leopard gecko skeleton (D:5)
  5 rats
97 creatures vanquished.

Notes
Turn   | Place    | Note
-------+----------+-------------------------------------------
     0 | D:1      | Menchi the Minotaur Gladiator began the quest for the Orb.
     0 | D:1      | Reached XP level 1. HP: 18/18 MP: 0/0
   519 | D:1      | Reached XP level 2. HP: 19/25 MP: 1/1
   540 | D:1      | Reached skill level 3 in Fighting
   781 | D:2      | Reached skill level 1 in Armour
  1219 | D:2      | Found a glowing golden altar of the Shining One.
  1429 | D:3      | Reached XP level 3. HP: 30/31 MP: 2/2
  1646 | D:3      | Reached skill level 4 in Fighting
  1765 | D:3      | Reached XP level 4. HP: 38/40 MP: 3/3
  1973 | D:4      | Reached XP level 5. HP: 20/47 MP: 4/4
  1978 | D:4      | HP: 2/47 [orc/+2 falchion of holy wrath (1)]
  1999 | D:4      | Reached skill level 5 in Fighting
  2388 | D:4      | Identified the cursed +1 war axe of Aplul {drain, rF+ rN++
                  | Str-5 Int+8}
  2431 | D:4      | Reached XP level 6. HP: 45/56 MP: 5/5
  2441 | D:4      | Found Surunoowy's Armour Shoppe.
  2616 | D:4      | Reached skill level 6 in Fighting
  2787 | D:4      | Reached skill level 5 in Dodging
  3093 | D:4      | Noticed Menkaure
  3095 | D:4      | Killed Menkaure
  3095 | D:4      | Reached XP level 7. HP: 61/64 MP: 6/6
  3313 | D:5      | Entered Level 5 of the Dungeon
  3425 | D:5      | Found a staircase to the Ecumenical Temple.
  3429 | D:5      | Reached skill level 7 in Fighting
  3525 | D:5      | HP: 3/66 [poisoned by a gnoll sergeant]
  3526 | D:5      | HP: 1/66 [poisoned by a gnoll sergeant]
  3527 | D:5      | Succumbed to a gnoll sergeant's poison

Skill      XL: |  1  2  3  4  5  6  7 |
---------------+----------------------+-----
Fighting       | 3 4 5 6 7 |  7.4
Armour         | 1 2 3 4 |  4.7
Dodging        | 4 5 |  5.6
Long Blades    | |  3.6
Throwing       | |  2.0

Action                   |  1- 3 |  4- 6 |  7- 9 || total
-------------------------+-------+-------+-------++-------
Melee: Long sword        |    13 |       |       ||    13
       Headbutt          |    24 |    18 |     8 ||    50
       Dagger            |   112 |    79 |       ||   191
       Falchion          |       |    79 |    39 ||   118
  Use: Scroll            |     2 |       |       ||     2
       Potion            |       |     3 |     5 ||     8
  Eat: Chunk             |     3 |     4 |     1 ||     8
Armor: Leather armour    |    30 |    29 |    14 ||    73
       Skin              |       |    38 |       ||    38
Dodge: Dodged            |    46 |    95 |    42 ||   183
       Rpst.: Long sword |     2 |       |       ||     2
       Falchion          |       |    15 |     5 ||    20
